Map: Templo Congelado

Players

TheZergLord - Winner!

  • Race: Zerg Zerg
  • League: Master

caur

  • Race: Protoss Protoss
  • League: Master

VOD

Have the link to the VOD?

Description

Time

  • Played on: April 25, 2016, 12:17 p.m.
  • Length: 14:27
Show
View Real Time Build Order
Export as new Build Order

TheZergLord Zerg - Winner!

Build Orders: Hatch First, Lurkers 

Get SALT Encoding   

  12  0:01  Drone  
  13  0:13  Overlord  
  13  0:18  Drone  
  14  0:32  Drone x2  
  14  0:35  Drone  
  17  0:53  Hatchery  
  16  0:57  Drone  
  16  0:59  Drone  
  18  1:11  Extractor  
  18  1:14  Spawning Pool  
  18  1:18  Drone  
  17  1:21  Drone  
  18  1:29  Drone  
  19  1:40  Overlord  
  19  1:58  Drone  
  19  2:01  Queen, Zergling x2  
  20  2:04  Queen  
  20  2:05  Drone  
  26  2:13  Drone, Metabolic Boost  
  27  2:16  Drone  
  27  2:22  Drone  
  29  2:27  Drone  
  30  2:39  Hatchery  
  29  2:45  Drone x2  
  29  2:50  Pneumatized Carapace  
  31  2:54  Overlord  
  31  2:57  Drone  
  32  3:01  Zergling x2  
  32  3:02  Zergling x2  
  32  3:05  Drone  
  35  3:11  Drone  
  36  3:14  Drone  
  36  3:15  Drone x2  
  36  3:18  Overlord  
  39  3:21  Drone  
  39  3:24  Drone x2  
  42  3:35  Drone x2  
  44  3:50  Drone x7  
  44  3:51  Drone  
  44  3:52  Queen  
  44  3:54  Lair  
  54  4:07  Overlord  
  54  4:08  Drone x4  
  58  4:13  Overlord x2  
  58  4:24  Overlord  
  58  4:26  Drone  
  58  4:27  Drone x2  
  61  4:43  Extractor  
  61  4:44  Extractor  
  59  4:46  Extractor  
  59  4:48  Drone x6  
  59  4:49  Drone x3  
  59  4:52  Extractor  
  66  4:53  Extractor  
  66  4:55  Drone x2  
  66  4:56  Hydralisk Den, Drone x4  
  66  4:57  Evolution Chamber  
  69  5:02  Spore Crawler x2  
  69  5:04  Spore Crawler  
  69  5:06  Spore Crawler  
  65  5:07  Spore Crawler x2  
  65  5:08  Drone x2  
  65  5:09  Drone  
  66  5:17  Overlord  
  66  5:18  Queen  
  68  5:25  Drone  
  68  5:26  Baneling Nest  
  65  5:32  Zerg Missile Weapons Level 1, Muscular Augments  
  65  5:33  Hydralisk  
  65  5:34  Hydralisk  
  63  5:36  Zergling x10  
  63  5:37  Zergling x6  
  70  5:49  Hydralisk x2  
  67  5:50  Hydralisk  
  69  6:09  Hydralisk x4  
  69  6:10  Hydralisk  
  76  6:31  Overlord x3  
  76  6:33  Overlord x2  
  76  6:49  Hydralisk  
  76  6:50  Hydralisk x5  
  88  6:57  Baneling x5  
  88  6:58  Baneling x2  
  88  7:04  Hydralisk x2  
  85  7:30  Hydralisk  
  85  7:31  Hydralisk x5  
  77  7:48  Drone x10  
  77  7:49  Zerg Missile Weapons Level 2  
  81  7:57  Hydralisk x3  
  89  8:03  Hydralisk  
  89  8:04  Hydralisk  
  93  8:09  Hydralisk  
  95  8:15  Hydralisk  
  97  8:21  Overlord x2  
  97  8:22  Overlord  
  95  8:29  Zergling x6  
  98  8:41  Hydralisk x7  
  98  8:46  Zergling x2  
  98  8:47  Zergling x4  
  98  8:48  Zergling x2  
  116  8:49  Baneling  
  116  8:50  Baneling x5  
  116  9:02  Zergling x8  
  120  9:03  Zergling x2  
  120  9:09  Zergling x2  
  122  9:12  Baneling  
  122  9:13  Baneling x7  
  122  9:23  Overlord x2  
  122  9:40  Overlord x4  
  122  9:41  Overlord  
  106  10:01  Hydralisk x12  
  106  10:02  Hydralisk x2  
  129  10:11  Lurker Den, Zerg Ground Armor Level 1  
  127  10:29  Hydralisk x6  
  133  10:46  Drone x2  
  133  10:47  Drone x2  
  133  10:48  Drone  
  133  10:49  Spire, Drone  
  138  10:58  Hatchery  
  138  11:03  Hydralisk x4  
  145  11:15  Hydralisk x4  
  153  11:22  Hydralisk x2  
  157  11:33  Overlord  
  157  11:39  Lurker x3  
  165  11:40  Lurker x5  
  165  11:45  Lurker  
  166  11:51  Hydralisk x3  
  166  11:52  Zergling x2  
  166  11:53  Zergling x10  
  178  12:03  Overlord x3  
  178  12:18  Overlord  
  180  12:26  Hydralisk  
  180  12:27  Hydralisk x2  
  184  12:43  Lurker x2  
  184  12:44  Lurker x4  
  180  12:50  Overseer x3  
  178  13:11  Hatchery  
  166  13:27  Hatchery  
  149  13:44  Overlord x2  
Show
View Real Time Build Order
Export as new Build Order

caur Protoss 

Build Orders: 1 Gate Expand 

Get SALT Encoding   

  12  0:01  Probe (Chrono Boost)  
  13  0:17  Pylon  
  13  0:20  Probe (Chrono Boost)  
  14  0:30  Probe (Chrono Boost)  
  15  0:41  Probe (Chrono Boost)  
  16  0:44  Gateway  
  16  0:52  Probe (Chrono Boost)  
  17  1:02  Probe (Chrono Boost)  
  18  1:15  Nexus  
  18  1:19  Assimilator  
  18  1:22  Probe (Chrono Boost)  
  19  1:32  Cybernetics Core  
  19  1:37  Probe (Chrono Boost)  
  20  1:41  Assimilator  
  20  1:48  Probe (Chrono Boost)  
  21  1:55  Pylon  
  21  1:58  Probe (Chrono Boost)  
  22  2:09  Probe (Chrono Boost)  
  22  2:13  Adept  
  25  2:22  Mothership Core (Chrono Boost)  
  27  2:27  Probe (Chrono Boost)  
  28  2:35  Warp Gate (Chrono Boost)  
  28  2:38  Probe (Chrono Boost)  
  28  2:40  Probe (Chrono Boost)  
  30  2:47  Probe (Chrono Boost)  
  30  2:50  Probe (Chrono Boost)  
  32  2:57  Probe  
  32  3:02  Probe  
  32  3:04  Gateway  
  34  3:06  Gateway  
  34  3:08  Probe  
  34  3:14  Probe  
  34  3:18  Probe  
  35  3:20  Gateway  
  37  3:27  Probe  
  37  3:29  Probe  
  37  3:30  Stargate  
  37  3:31  Stargate  
  38  3:39  Probe x2, Pylon  
  40  3:50  Probe  
  40  3:51  Probe  
  42  4:00  Probe  
  43  4:03  Probe  
  43  4:04  Assimilator  
  43  4:07  Pylon  
  44  4:18  Phoenix x2 (Chrono Boost)  
  44  4:22  Probe x2  
  49  4:27  Adept x2  
  53  4:31  Pylon  
  53  4:33  Pylon  
  53  4:34  Probe  
  54  4:47  Nexus  
  54  4:48  Pylon  
  54  4:49  Pylon  
  54  4:53  Adept  
  54  4:54  Adept x2  
  54  4:58  Phoenix (Chrono Boost)  
  62  5:03  Phoenix (Chrono Boost)  
  64  5:07  Probe  
  64  5:08  Probe  
  64  5:10  Assimilator  
  66  5:19  Probe  
  66  5:20  Probe  
  68  5:28  Phoenix (Chrono Boost)  
  70  5:29  Phoenix (Chrono Boost)  
  72  5:36  Probe  
  72  5:37  Probe  
  74  5:47  Robotics Facility  
  74  5:49  Probe, Forge  
  75  5:55  Phoenix (Chrono Boost)  
  77  5:58  Probe  
  77  6:00  Probe  
  77  6:01  Probe  
  77  6:02  Robotics Facility  
  78  6:05  Pylon  
  78  6:09  Probe  
  67  6:27  Probe x3  
  67  6:31  Protoss Ground Weapons Level 1 (Chrono Boost)  
  70  6:37  Assimilator  
  70  6:39  Probe x3, Assimilator  
  73  6:40  Zealot  
  73  6:41  Zealot x2  
  73  6:42  Gateway  
  73  6:43  Gateway  
  73  6:46  Gateway  
  79  6:49  Twilight Council  
  79  6:51  Probe x2  
  79  6:52  Immortal (Chrono Boost)  
  85  6:56  Immortal (Chrono Boost)  
  89  7:03  Probe x2  
  89  7:09  Zealot x2  
  89  7:10  Zealot  
  89  7:25  Immortal (Chrono Boost)  
  86  7:30  Immortal (Chrono Boost)  
  86  7:34  Adept x2  
  86  7:35  Adept  
  92  7:37  Charge (Chrono Boost)  
  86  7:55  Immortal, Pylon  
  86  7:57  Pylon  
  86  7:59  Probe, Mothership Core  
  86  8:00  Probe  
  94  8:06  Immortal  
  94  8:07  Zealot x2  
  94  8:08  Zealot x3  
  94  8:11  Probe  
  109  8:13  Probe  
  109  8:14  Templar Archives  
  109  8:15  Protoss Ground Weapons Level 2 (Chrono Boost)  
  110  8:20  Pylon  
  110  8:21  Pylon  
  110  8:33  Zealot  
  110  8:34  Zealot x4  
  116  8:35  Zealot  
  116  8:36  Observer  
  123  8:45  Observer  
  124  8:55  Gateway  
  124  8:57  Gateway  
  124  8:59  High Templar x2  
  124  9:00  High Templar x2, Gateway x2  
  124  9:02  Immortal  
  132  9:05  Archon x2, Psionic Storm  
  132  9:08  Warp Prism  
  138  9:23  Pylon  
  138  9:24  Pylon  
  138  9:25  Pylon  
  138  9:27  Pylon  
  136  9:38  High Templar  
  136  9:39  High Templar  
  140  9:51  Nexus  
  140  9:53  Pylon  
  140  9:54  Pylon  
  104  10:11  High Templar x2  
  104  10:13  High Templar  
  106  10:14  Zealot x2  
  106  10:15  Zealot x5  
  118  10:41  Warp Prism  
  112  10:43  Zealot x3  
  112  10:44  Zealot x6  
  132  11:05  High Templar x3  
  132  11:06  High Templar  
  132  11:10  Archon x2  
  140  11:12  Immortal  
  140  11:14  Zealot x2  
  140  11:15  Zealot x2  
  152  11:20  Zealot x2  
  156  11:27  Probe  
  156  11:28  Probe  
  156  11:29  Probe x2  
  160  11:33  Forge  
  160  11:37  Assimilator  
  156  11:41  Probe  
  157  11:51  Stalker  
  157  11:52  Stalker x2  
  157  11:53  Stalker  
  165  12:03  Probe  
  165  12:04  Probe x2  
  168  12:13  Probe  
  169  12:16  Probe, Zealot  
  169  12:17  Zealot x6  
  169  12:18  Zealot x2  
  169  12:22  Zealot  
  190  12:29  Fleet Beacon  
  190  12:33  Stargate  
  121  13:57  Pylon x2  
  121  13:59  Pylon  
  121  14:01  Pylon  
  121  14:04  Pylon x2  
  121  14:07  Pylon  
Tags
 
Add a new tag
Caveats
  • Supply blocks, unpowered buildings, or Contaminate may cause inaccurate times.
  • Supply counts are checked every 10 seconds.